 Dungeon Crawl Stone Soup version 0.29.1-13-g9f3cf754e1 (webtiles) character file.

Game seed: 12773364115418804006

340584 khekkus the Slayer (level 21, -5/188 (205) HPs)
             Began as a Hill Orc Fighter on Jan 25, 2023.
             Was a High Priest of Okawaru.
             Slain by a reaper
             ... wielding a +0 scythe of protection
             ... called by a doom hound
              (6 damage)
             ... on level 3 of the Depths.
             The game lasted 03:22:57 (42733 turns).

khekkus the Slayer (Hill Orc Fighter)              Turns: 42733, Time: 03:22:58

HP:   -5/188 (205)  AC: 36    Str: 39    XL:     21   Next: 99%
MP:   10/10         EV: 14    Int:  8    God:    Okawaru [*****.]
Gold: 2318          SH: 29    Dex: 10    Spells: 20/20 levels left

rFire   + + .      SeeInvis .   b - +7 broad axe (antimagic)
rCold   + + .      Faith    .   N - +4 tower shield
rNeg    + . .      Spirit   .   B - +0 gold dragon scales of the Hanged Man {rPois rF+ rC+ Str+2}
rPois   +          Reflect  +   r - -2 hat of the Alchemist {rElec rPois rF+ rC+ rN+ Will+ rMut rCorr}
rElec   +          Harm     .   D - +2 cloak {Stlth+}
rCorr   +          Rampage  .   Q - +2 pair of gloves {Str+3}
rMut    +                       Z - +2 pair of boots {Stlth+}
Will    ++...                   K - amulet of Dulystyf {Reflect +Blink Fly rElec Str+4 SH+5}
Stlth   ..........              U - +4 ring of protection
HPRegen 0.41/turn               x - +4 ring of evasion
MPRegen 0.12/turn

@: finesse-ful, flying, hasted, drained, very quick
A: no striking features
}: 2/15 runes: barnacled, gossamer
a: Renounce Religion, Evoke Blink, Heroism, Finesse, Duel


You were on level 3 of the Depths.
You worshipped Okawaru.
Okawaru was extremely pleased with you.
You visited 8 branches of the dungeon, and saw 38 of its levels.

You collected 6027 gold pieces.
You spent 3709 gold pieces at shops.

Inventory:

Hand Weapons
 a - a +6 broad axe of flaming
 b - a +7 antimagic broad axe (weapon)
 p - the +7 war axe "Spiderbane" {vorpal, rC+ Will+ Int-3 Dex+3}
   (Okawaru gifted it to you on level 1 of the Vaults)

   It inflicts extra damage upon your enemies.
   Int:       It affects your intelligence (-3).
   Dex:       It affects your dexterity (+3).
   rC:        It protects you from cold.
   Will:      It increases your willpower.
 w - the +4 war axe of Impermanence {speed, SInv}
   (Okawaru gifted it to you on level 13 of the Dungeon)

   Attacks with this weapon are significantly faster.
   SInv:      It lets you see invisible.
Missiles
 I - 7 silver boomerangs (quivered)
Armour
 r - the -2 hat of the Alchemist (worn) {rElec rPois rF+ rC+ rN+ Will+ rMut rCorr}
   (You found it on level 4 of the Shoals)

   rF:        It protects you from fire.
   rC:        It protects you from cold.
   rElec:     It insulates you from electricity.
   rPois:     It protects you from poison.
   rN:        It protects you from negative energy.
   rCorr:     It protects you from acid and corrosion.
   rMut:      It protects you from mutation.
   Will:      It increases your willpower.
 B - the +0 gold dragon scales of the Hanged Man (worn) {rPois rF+ rC+ Str+2}
   (You bought it in a shop on level 10 of the Dungeon)

   Str:       It affects your strength (+2).
   rF:        It protects you from fire.
   rC:        It protects you from cold.
   rPois:     It protects you from poison.
 D - a +2 cloak of stealth (worn)
 N - a +4 tower shield (worn)
 Q - a +2 pair of gloves of strength (worn)
 Z - a +2 pair of boots of stealth (worn)
Jewellery
 e - the ring of Jucuef {rF++ Int+6 Stlth+}
   (You acquired it on level 11 of the Dungeon)

   [ring of intelligence]

   Int:       It affects your intelligence (+6).
   rF:        It greatly protects you from fire.
   Stlth:     It makes you more stealthy.
 m - a ring of protection from cold
 x - a +4 ring of evasion (right hand)
 F - a ring of protection from cold
 K - the amulet of Dulystyf (around neck) {Reflect +Blink Fly rElec Str+4 SH+5}
   (You bought it in a shop on level 2 of the Depths)

   [amulet of reflection]

   It reflects blocked missile attacks.
   Str:       It affects your strength (+4).
   rElec:     It insulates you from electricity.
   Fly:       It grants you flight.
   +Blink:    It lets you blink.
   SH:        It affects your SH (+5).
 U - a +4 ring of protection (left hand)
Wands
 i - a wand of mindburst (31)
 j - a wand of acid (16)
 n - a wand of polymorph (4)
 q - a wand of paralysis (23)
 y - a wand of flame (40)
 E - a wand of iceblast (6)
 T - a wand of digging (8)
Scrolls
 f - 2 scrolls of poison
 g - 30 scrolls of identify
 h - 5 scrolls of silence
 k - 4 scrolls of teleportation
 o - 5 scrolls of blinking
 s - 2 scrolls of amnesia
 v - 6 scrolls of magic mapping
 X - 5 scrolls of fear
Potions
 c - 3 potions of cancellation
 d - a potion of resistance
 l - 18 potions of curing
 z - 4 potions of might
 J - a potion of invisibility
 M - 7 potions of berserk rage
 S - 2 potions of heal wounds
 Y - a potion of haste
Miscellaneous
 C - a phial of floods


   Skills:
 + Level 21.6 Fighting
 - Level 20.0 Axes
 - Level 2.0 Throwing
 + Level 20.1 Armour
 + Level 11.8 Dodging
 + Level 19.3 Shields
 - Level 12.0 Invocations
 - Level 10.0 Evocations


You had 20 spell levels left.
You didn't know any spells.
Your spell library contained the following spells:

 Spells                   Type           Power      Damage    Failure   Level
 Necrotise                Necr           0%         1d4       99%         1
 Sandblast                Erth           0%         2d4       99%         1
 Shock                    Conj/Air       0%         1d3       99%         1
 Slow                     Hex            0%         N/A       99%         1
 Passwall                 Tmut/Erth      0%         N/A       100%        2
 Static Discharge         Conj/Air       0%         3-3/arc   100%        2
 Sublimation of Blood     Necr           0%         N/A       100%        2
 Wereblood                Tmut           0%         N/A       100%        2
 Confusing Touch          Hex            0%         N/A       100%        3
 Dazzling Flash           Conj/Hex       0%         N/A       100%        3
 Mephitic Cloud           Conj/Pois/Air  0%         N/A       100%        3
 Portal Projectile        Hex/Tloc       0%         N/A       100%        3
 Stone Arrow              Conj/Erth      0%         3d7       100%        3
 Swiftness                Air            0%         N/A       100%        3
 Vampiric Draining        Necr           0%         2d6       100%        3
 Airstrike                Air            0%         2d(0-16)  100%        4
 Cause Fear               Hex            0%         N/A       100%        4
 Dispel Undead            Necr           0%         3d6       100%        4
 Fulminant Prism          Conj/Hex       0%         3d6       100%        4
 Hailstorm                Conj/Ice       0%         3d3       100%        4
 Ice Form                 Ice/Tmut       0%         N/A       100%        4
 Iskenderun's Mystic Bla  Conj/Tloc      0%         2d3       100%        4
 Sticky Flame             Conj/Fire      0%         2d3       100%        4
 Agony                    Necr           0%         N/A       100%        5
 Blade Hands              Tmut           0%         N/A       100%        5
 Borgnjor's Vile Clutch   Necr/Erth      0%         N/A       100%        5
 Irradiate                Conj/Tmut      0%         3d11      100%        5
 Lee's Rapid Deconstruct  Erth           0%         3d5*      100%        5
 Lightning Bolt           Conj/Air       0%         1d11      100%        5
 Silence                  Hex/Air        0%         N/A       100%        5
 Starburst                Conj/Fire      0%         6d3       100%        6
 Dragon Form              Tmut           0%         N/A       100%        7
 Lehudib's Crystal Spear  Conj/Erth      0%         10d2      100%        8
 Maxwell's Capacitive Co  Air            0%         ∞         100%        8
 Tukima's Dance           Hex            Unusable   N/A       N/A         3
 Animate Armour           Summ/Erth      Unusable   N/A       N/A         4
 Animate Dead             Necr           Unusable   N/A       N/A         4
 Death Channel            Necr           Unusable   N/A       N/A         6
 Simulacrum               Ice/Necr       Unusable   N/A       N/A         6
 Summon Hydra             Summ           Unusable   N/A       N/A         7

Dungeon Overview and Level Annotations

Branches:
Dungeon (15/15)            Temple (1/1) D:5            Lair (5/5) D:10
 Shoals (4/4) Lair:3       Spider (4/4) Lair:3        Slime (0/5) Lair:5
    Orc (2/2) D:10            Elf (0/3) Orc:2        Vaults (4/5) D:13
  Crypt (0/3) Vaults:3     Depths (3/4) D:15

Altars:
Ashenzari
Cheibriados
Dithmenos
Elyvilon
Fedhas
Gozag
Hepliaklqana
Kikubaaqudgha
Makhleb
Nemelex Xobeh
Okawaru
Qazlal
Ru
Sif Muna
Trog
Uskayaw
Vehumet
Wu Jian
Xom
Yredelemnul
Zin
The Shining One
Beogh
Jiyva

Shops:
D:1 ?   D:9 :   D:10 [   Orc:2 [[([?   Vaults:1 [   Depths:2 =:=

Portals:
Hell: Depths:1 Depths:2
Abyss: Depths:2 Depths:3
Pandemonium: Depths:2
Ziggurat: Depths:1
Bazaar: Depths:3

Annotations:
D:7 3 runed translucent doors, Garym's ghost, novice MiFi; diceflayer's ghost, novice DsHu; harry2680's ghost, novice HuBe
D:8 3 runed translucent doors, diceflayer's ghost, novice DsHu; unihiutale's ghost, novice FeWn
D:10 exclusion: orange crystal statue
Vaults:4 exclusion: obsidian statue


Message History

The shadow dragon is almost dead.
The shadow dragon breathes negative energy at you.
The bolt of negative energy misses you.
You hit the shadow dragon.
The shadow dragon is almost dead.
You block the reaper's attack.
You slice the shadow dragon!!
You kill the shadow dragon!
Okawaru accepts your kill.
The shadow dragon scales are intact enough to wear.
The Tzitzimitl gestures at you.
The bolt of negative energy hits the reaper.
The reaper completely resists.
The bolt of negative energy hits you!! You partially resist.
You feel drained.
* * * LOW HITPOINT WARNING * * *
You block the doom hound's attack. x2
The reaper hits you with a +0 scythe of protection!
* * * LOW HITPOINT WARNING * * *
Things that are here:
+0 shadow dragon scales; a shadow dragon corpse You slice the doom hound!!
The doom hound is heavily wounded.
You closely miss the reaper. You block the doom hound's attack.
The doom hound barely misses you.
You slice the doom hound!!
The doom hound is almost dead.
You closely miss the reaper. You block the reaper's attack.
You slice the reaper!!
The reaper is moderately wounded.
You hit the doom hound. You block the doom hound's attack. x2
You barely miss the reaper.
The reaper is moderately wounded.
You slice the doom hound!!
You kill the doom hound!
Okawaru accepts your kill.
The stone giant throws a large rock.
You reflect the large rock off an invisible shield around you!
The large rock hits the stone giant!!
The reaper hits you with a +0 scythe of protection.
You die...

....§#.... #........#
... +..#
...§§.#.....#........##
....##'#
#.....§+....^D..........
#.......
#.....#..........
+.......
#.###+###........
#....... #........
#....... #C1......
##...... #†2......
#...### #@##..... #... #
#.# #.### #### #)# ##
#.# ###


You could see a Tzitzimitl, a stone giant and a reaper.

Vanquished Creatures
  Vv (Depths:3)
  Frederick (Vaults:3)
  Xtahua (Depths:3)
  Nikola (Arena)
  Jory (Vaults:2)
  A bone dragon (Depths:3)
  the Enchantress (Depths:2)
  Arachne (Spider:3)
  2 doom hounds (Depths:3)
  A Tzitzimitl (Depths:3)
  The ghost of Reiqiorph the Severer, an adept FoFi of the Shining One (Depths:1)
  Zenata (Vaults:1)
  Jorgrun (Shoals:3)
  A lich (Depths:3)
  Grunn (Depths:3)
  Kirke (Lair:3)
  2 thorn hunters (Depths:2)
  2 sphinxes
  Agnes (Spider:2)
  A shadow dragon (Depths:3)
  Ilsuiw (Shoals:2)
  2 storm dragons (Depths:3)
  A tengu reaver (Vaults:1)
  3 fire giants
  7 vault wardens
  3 frost giants
  An iron dragon (Depths:3)
  5 emperor scorpions
  6 ghost moths
  11 ironbound preservers
  2 broodmothers
  2 spriggan defenders (Depths:2)
  2 stone giants
  A reaper (Depths:3)
  11 very ugly things
  A war gargoyle (Vaults:1)
  Nessos (D:13)
  7 ironbound thunderhulks
  2 vampire knights
  14 dire elephants
  2 spark wasps
  A putrid mouth (Depths:3)
  Azrael (Spider:3)
  4 entropy weavers
  A crystal guardian (Vaults:1)
  An eidolon (Vaults:3)
  8 ettins
  10 merfolk impalers
  5 merfolk javelineers
  A deep elf high priest (Vaults:1)
  8 yaktaur captains
  6 fire dragons
  4 great orbs of eyes
  Fannar (Lair:1)
  3 rakshasas
  5 ice dragons
  11 vault guards
  10 boulder beetles
  10 hydras
  2 spriggan air magi (Depths:2)
  A jorogumo (Spider:3)
  5 merfolk avatars
  9 merfolk aquamancers
  17 centaur warriors
  4 alligator snapping turtles (Shoals:4)
  A spriggan skeleton (Depths:1)
  An anaconda (shapeshifter) (Vaults:1)
  2 radroaches
  2 peacekeepers
  7 ironbound frosthearts
  3 satyrs
  6 tengu warriors
  Erica (Lair:2)
  4 two-headed ogres
  4 deep troll earth magi
  4 deep troll shamans
  2 vampire magi
  A death yak (Lair:5)
  A death scarab (Spider:3)
  Urug (D:13)
  3 spriggan berserkers (Depths:2)
  The ghost of Imnulubo the Destroyer, a novice TeFE of Vehumet (Lair:1)
  3 orc high priests (Orc:2)
  6 hell knights (Depths:1)
  A fire crab (Lair:5)
  Amaemon (Lair:2)
  5 skeletal warriors (D:15)
  The ghost of p0werm0de the Thaumaturge, a novice PaIE of Ashenzari (D:11)
  A titan skeleton (Depths:1)
  2 iron trolls
  32 deep trolls
  5 pharaoh ants
  5 glowing orange brains
  8 sea snakes
  2 goliath frogs (Lair:5)
  13 orb spiders
  A deep elf archer (Depths:2)
  6 lindwurms
  5 steelbarb worms
  3 wizards
  A phantasmal warrior (Vaults:3)
  17 ironbound convokers
  Pikel (D:7)
  8 orc knights
  2 necromancers (Depths:1)
  A deep elf pyromancer (D:15)
  6 orc sorcerers
  22 harpies
  A tengu skeleton (Depths:1)
  14 manticores
  11 ugly things
  2 moths of wrath
  19 wolf spiders
  7 cyclopes
  An elephant (shapeshifter) (D:15)
  9 fauns
  15 merfolk sirens
  11 elephants
  8 water nymphs
  2 rust devils (Depths:2)
  A black mamba (Lair:5)
  Maurice (D:7)
  18 vault sentinels
  Joseph (D:10)
  3 torpor snails
  6 orange demons
  6 demonic crawlers
  21 cane toads
  A hellion (Depths:2)
  4 kobold demonologists
  19 yaktaurs
  A freezing wraith (Vaults:1)
  14 komodo dragons
  2 tengu conjurers
  3 rime drakes
  3 ice devils (Depths:2)
  2 red devils (Depths:2)
  A queen bee (Lair:1)
  5 trolls
  4 wind drakes
  3 meliai
  4 polar bears
  34 merfolk
  18 blink frogs
  27 tarantellas
  A tyrant leech (shapeshifter) (Depths:2)
  13 dream sheep
  20 slime creatures
  2 tyrant leeches (Lair:5)
  A hornet (Lair:1)
  9 snapping turtles
  28 jumping spiders
  28 culicivoras
  2 wraiths
  3 shadows
  61 yaks
  A vampire (D:10)
  8 water elementals
  4 wyverns
  16 humans (D:13)
  5 hogs (Lair:3)
  3 basilisks
  31 redbacks
  2 fire elementals (Spider:3)
  7 vampire mosquitoes
  A chaos spawn (Depths:2)
  A steam dragon (Lair:5)
  6 wargs
  4 acid dragons
  4 water moccasins
  6 hell hounds (Spider:3)
  A floating eye (Depths:3)
  Duvessa (D:6)
  25 orc warriors
  2 black bears
  An ice beast (D:5)
  23 wolves
  15 centaurs
  7 boggarts
  5 ogres
  10 kobold brigands
  21 bullfrogs
  A gnoll sergeant (D:10)
  A necrophage (D:7)
  7 scorpions
  6 wights
  Dowan (D:6)
  21 killer bees
  6 howler monkeys
  5 electric eels
  3 hounds
  16 jellies
  17 orc priests
  2 gnoll boudas
  Crazy Yiuf (D:6)
  Terence (D:3)
  An iguana (D:7)
  25 orc wizards
  4 adders
  17 gnolls
  A shadow imp (D:5)
  A white imp (D:7)
  2 dart slugs
  90 orcs
  6 ball pythons
  7 endoplasms
  4 giant cockroaches
  6 goblins
  7 hobgoblins
  18 kobolds
  5 quokkas
  3 bats
  2 frilled lizards (D:1)
  6 rats
  2 briar patches (Depths:2)
  A butterfly (Lair:3)
  A plant (Depths:2)
1415 creatures vanquished.

Vanquished Creatures (others)
  A fire giant (Depths:1)
  A pharaoh ant (Spider:1)
  A steelbarb worm (Spider:1)
  A moth of wrath (Spider:4)
  41 fungi
  223 plants
  4 tentacles (Shoals:1)
  4 toadstools (Depths:1)
  6 withered plants (D:8)
282 creatures vanquished.

Grand Total: 1697 creatures vanquished

Notes
Turn   | Place    | Note
-------+----------+-------------------------------------------
     0 | D:1      | khekkus the Hill Orc Fighter began the quest for the Orb.
     0 | D:1      | Reached XP level 1. HP: 19/19 MP: 1/1
    70 | D:1      | Reached XP level 2. HP: 26/26 MP: 2/2
   330 | D:1      | Found Nykhadgh's Magic Scroll Boutique.
   341 | D:1      | Bought a scroll of identify for 24 gold pieces
   341 | D:1      | Bought a scroll of identify for 24 gold pieces
   346 | D:1      | Identified a scroll of acquirement
   346 | D:1      | Acquired a +2 broad axe of flaming
   409 | D:1      | Reached XP level 3. HP: 30/31 MP: 3/3
   604 | D:1      | Found a faded altar of an unknown god.
  1234 | D:3      | Reached skill level 5 in Axes
  1323 | D:3      | Reached skill level 1 in Throwing
  1336 | D:3      | Reached XP level 4. HP: 39/39 MP: 4/4
  1485 | D:3      | Noticed Terence
  1494 | D:3      | Killed Terence
  1897 | D:4      | Reached XP level 5. HP: 46/46 MP: 5/5
  2305 | D:4      | Reached skill level 4 in Fighting
  2503 | D:4      | Reached XP level 6. HP: 52/52 MP: 6/6
  2633 | D:4      | Found a blossoming altar of Fedhas.
  2671 | D:5      | Entered Level 5 of the Dungeon
  2673 | D:5      | Found a staircase to the Ecumenical Temple.
  3059 | D:5      | Identified the +9 flail "Zid Xonk" {pain, *Corrode rElec
                  | rN+ Int+2}
  3100 | D:5      | Noticed a troll
  3108 | D:5      | Killed a troll
  3109 | D:5      | Reached XP level 7. HP: 8/60 MP: 7/7
  3556 | D:5      | Reached skill level 5 in Fighting
  3671 | Temple   | Entered the Ecumenical Temple
  3677 | Temple   | Became a worshipper of Warmaster Okawaru
  4249 | D:6      | Reached skill level 1 in Invocations
  4249 | D:6      | Reached skill level 1 in Evocations
  4249 | D:6      | Reached XP level 8. HP: 62/68 MP: 7/9
  4309 | D:6      | Reached * piety under Okawaru
  4310 | D:6      | Reached skill level 5 in Shields
  4315 | D:6      | Reached skill level 5 in Armour
  4381 | D:6      | Noticed Duvessa
  4383 | D:6      | Noticed Dowan
  4386 | D:6      | Killed Duvessa
  4390 | D:6      | Killed Dowan
  4776 | D:6      | Found a runed translucent door.
  4777 | D:6      | Noticed Crazy Yiuf
  4783 | D:6      | Killed Crazy Yiuf
  4793 | D:6      | Identified the +6 hammer "Limegiq" {vorpal, Dex+4}
  4882 | D:7      | Found a broken altar of Ashenzari.
  5067 | D:7      | Reached skill level 6 in Fighting
  5159 | D:7      | Found a runed translucent gate.
  5159 | D:7      | Found a runed translucent gate.
  5159 | D:7      | Found a runed translucent gate.
  5169 | D:7      | Noticed harry2680's ghost (novice HuBe)
  5169 | D:7      | Noticed Garym's ghost (novice MiFi)
  5169 | D:7      | Noticed diceflayer's ghost (novice DsHu)
  5204 | D:7      | Reached ** piety under Okawaru
  5205 | D:7      | Reached skill level 10 in Axes
  5205 | D:7      | Reached XP level 9. HP: 70/75 MP: 11/11
  5725 | D:8      | Noticed Maurice
  5747 | D:7      | Killed Maurice
  5825 | D:8      | Reached *** piety under Okawaru
  5825 | D:8      | Noticed Pikel
  5887 | D:8      | Reached skill level 7 in Fighting
  5891 | D:7      | Killed Pikel
  5892 | D:7      | Reached skill level 5 in Invocations
  6048 | D:8      | Found a runed translucent gate.
  6049 | D:8      | Found a runed translucent gate.
  6050 | D:8      | Found a runed translucent gate.
  6050 | D:8      | Noticed unihiutale's ghost (novice FeWn)
  6050 | D:8      | Noticed diceflayer's ghost (novice DsHu)
  6112 | D:7      | Reached XP level 10. HP: 81/86 MP: 14/14
  6687 | D:9      | Reached **** piety under Okawaru
  6880 | D:9      | Found Noppet's Book Emporium.
  6946 | D:9      | Reached skill level 8 in Fighting
  6949 | D:9      | Received a gift from Okawaru
  7078 | D:9      | Reached ***** piety under Okawaru
  7114 | D:9      | Found a shimmering altar of Xom.
  7344 | D:10     | Entered Level 10 of the Dungeon
  7344 | D:10     | Found Fiycob's Armour Shop.
  7344 | D:10     | Found a staircase to the Orcish Mines.
  7393 | D:10     | Noticed Joseph
  7402 | D:10     | Killed Joseph
  7403 | D:10     | Reached skill level 9 in Fighting
  7403 | D:10     | Reached XP level 11. HP: 83/97 MP: 13/16
  7625 | D:10     | Noticed a two-headed ogre
  7628 | D:10     | Killed a two-headed ogre
  7628 | D:10     | Identified the +4 chain mail of Atyrphilo {*Slow Int+5
                  | Slay+6} (Okawaru gifted it to you on level 10 of the
                  | Dungeon)
  7628 | D:10     | Received a gift from Okawaru
  7875 | D:10     | Found an ornate altar of the Wu Jian Council.
  8031 | D:10     | Found a staircase to the Lair.
  8035 | D:10     | Noticed a two-headed ogre
  8047 | D:10     | Killed a two-headed ogre
  8087 | D:10     | Noticed an orange crystal statue
  8274 | Lair:1   | Entered Level 1 of the Lair of Beasts
  8386 | Lair:1   | Found a transporter.
  8388 | Lair:1   | Found a transporter.
  8390 | Lair:1   | Noticed Imnulubo's ghost (novice TeFE)
  8399 | Lair:1   | Reached skill level 15 in Axes
  8561 | Lair:1   | Reached skill level 10 in Fighting
  8593 | Lair:1   | Noticed Fannar
  8610 | Lair:1   | Killed Fannar
  8733 | Lair:1   | Reached XP level 12. HP: 92/106 MP: 18/18
  8782 | Lair:1   | Received a gift from Okawaru
  8953 | Lair:1   | Noticed an eight-headed hydra
  8970 | Lair:1   | Killed a four-headed hydra
  9273 | Lair:2   | Noticed Erica
  9288 | Lair:2   | Killed Erica
  9327 | Lair:2   | Identified the +3 chain mail of Seacel {+Blink Str+5}
  9353 | Lair:2   | Noticed a four-headed hydra
  9365 | Lair:2   | Killed a one-headed hydra
  9384 | Lair:2   | Received a gift from Okawaru
  9421 | Lair:2   | Reached skill level 10 in Armour
  9528 | Lair:2   | Received a gift from Okawaru
  9555 | Lair:2   | Reached skill level 11 in Fighting
  9722 | Lair:2   | Noticed Amaemon
  9742 | Lair:2   | Killed Amaemon
  9943 | Lair:2   | Identified the +0 robe of Sif Muna's Benevolence {Str+4
                  | Dex+4}
 10186 | Lair:3   | Reached ****** piety under Okawaru
 10186 | Lair:3   | Received a gift from Okawaru
 10286 | Lair:3   | Reached XP level 13. HP: 116/116 MP: 20/20
 10315 | Lair:3   | Found a staircase to the Shoals.
 10590 | Lair:3   | Found a hole to the Spider Nest.
 10604 | Lair:3   | Reached skill level 10 in Invocations
 10997 | Lair:3   | Noticed Kirke
 11423 | Lair:4   | You fall into a shaft and drop 1 floor!
 11423 | Lair:5   | Entered Level 5 of the Lair of Beasts
 11497 | Lair:5   | Received a gift from Okawaru
 11580 | Lair:5   | Received a gift from Okawaru
 11700 | Lair:4   | Reached skill level 12 in Fighting
 12443 | Lair:5   | Reached skill level 10 in Shields
 12526 | Lair:5   | Found a staircase to the Slime Pits.
 12526 | Lair:5   | Found a viscous altar of Jiyva.
 12543 | Lair:5   | Reached XP level 14. HP: 78/127 MP: 22/22
 12734 | Lair:5   | Identified the +3 plate armour of Lilacs {Str+6} (Okawaru
                  | gifted it to you on level 5 of the Lair of Beasts)
 12734 | Lair:5   | Received a gift from Okawaru
 12798 | Lair:5   | Reached skill level 1 in Dodging
 13267 | Lair:5   | Reached skill level 13 in Fighting
 13444 | Lair:5   | Identified the +1 robe of the Battered Bones {rCorr Dex+4
                  | Slay+5}
 14142 | D:11     | Found a runed translucent door.
 14148 | D:11     | Noticed p0werm0de's ghost (novice PaIE)
 14164 | D:11     | Killed p0werm0de's ghost
 14334 | D:11     | Acquired the ring of Jucuef {rF++ Int+6 Stlth+}
 14344 | D:11     | Reached skill level 5 in Evocations
 15135 | D:12     | Received a gift from Okawaru
 15447 | D:12     | Found a roughly hewn altar of Beogh.
 16096 | Orc:1    | Entered Level 1 of the Orcish Mines
 16202 | D:10     | Bought the +0 gold dragon scales of the Hanged Man {rPois
                  | rF+ rC+ Str+2} for 1459 gold pieces
 16324 | Orc:1    | Reached XP level 15. HP: 137/137 MP: 0/24
 16614 | Orc:2    | Entered Level 2 of the Orcish Mines
 16614 | Orc:2    | Found Yruofowa's Antique Armour Shoppe.
 16614 | Orc:2    | Found a staircase to the Elven Halls.
 16716 | Orc:2    | Bought a pair of embroidered gloves for 210 gold pieces
 17772 | Orc:1    | Reached skill level 5 in Dodging
 17902 | Orc:2    | Found Pim Bupn's Antique Armour Boutique.
 17902 | Orc:2    | Found Difileo's Magic Scroll Emporium.
 17904 | Orc:2    | Found Milukid's Weapon Boutique.
 17904 | Orc:2    | Found Agezxit's Armour Emporium.
 17913 | Orc:2    | Bought a +2 helmet of see invisible for 279 gold pieces
 17915 | Orc:2    | Bought a scroll of enchant weapon for 105 gold pieces
 17915 | Orc:2    | Bought a scroll of enchant armour for 105 gold pieces
 18198 | D:13     | Reached skill level 14 in Fighting
 18506 | D:13     | Noticed Nessos
 18529 | D:13     | Killed Nessos
 18539 | D:13     | Noticed Urug
 18546 | D:13     | Killed Urug
 18546 | D:13     | Identified the +4 war axe of Impermanence {speed, SInv}
                  | (Okawaru gifted it to you on level 13 of the Dungeon)
 18546 | D:13     | Received a gift from Okawaru
 18568 | D:13     | Found a gate to the Vaults.
 19312 | D:14     | You fall into a shaft and drop 1 floor!
 19312 | D:15     | Entered Level 15 of the Dungeon
 19504 | D:15     | Paralysed by a deep elf pyromancer for 4 turns
 19539 | D:15     | Identified the +1 plate armour "Temuo" {+Blink rN+ Dex+3
                  | SInv} (Okawaru gifted it to you on level 15 of the Dungeon)
 19539 | D:15     | Received a gift from Okawaru
 20102 | D:15     | Found a staircase to the Depths.
 20449 | Spider:1 | Entered Level 1 of the Spider Nest
 20456 | Spider:1 | Reached XP level 16. HP: 133/147 MP: 25/25
 20513 | Spider:1 | Noticed Nikola
 20568 | Spider:1 | Reached skill level 15 in Fighting
 21101 | Spider:1 | Identified the +1 mace "Feomonumn" {vorpal, *Noise rC+
                  | Stlth+}
 21290 | Arena    | Entered the Arena
 21296 | Arena    | Killed Nikola
 21881 | Spider:2 | Identified the +2 robe of Bushogoxt {rC+ Str+5 Dex-3}
                  | (Okawaru gifted it to you on level 2 of the Spider Nest)
 21881 | Spider:2 | Received a gift from Okawaru
 22506 | Spider:3 | Noticed Arachne
 22506 | Spider:3 | Noticed Agnes
 22516 | Spider:2 | Killed Agnes
 22589 | Spider:3 | Killed Arachne
 23136 | Spider:3 | Noticed Azrael
 23164 | Spider:3 | Killed Azrael
 23478 | Spider:3 | Reached XP level 17. HP: 76/140 MP: 19/26
 23833 | Spider:3 | Reached skill level 16 in Fighting
 24124 | Spider:4 | Entered Level 4 of the Spider Nest
 24561 | Spider:4 | Reached skill level 15 in Armour
 24583 | Spider:4 | Received a gift from Okawaru
 24965 | Spider:4 | Reached skill level 10 in Evocations
 24998 | Spider:4 | Identified the +0 chain mail of Ephaufy {Str+3 Int+4}
                  | (Okawaru gifted it to you on level 4 of the Spider Nest)
 24998 | Spider:4 | Received a gift from Okawaru
 25791 | Spider:4 | Got a gossamer rune of Zot
 25860 | Spider:4 | Identified the +2 hat of Egalitarianism {Int+2 Dex+3}
 26177 | Shoals:1 | Entered Level 1 of the Shoals
 26530 | Lair:3   | Killed Kirke
 26980 | Shoals:1 | Noticed a kraken
 27189 | Shoals:2 | Reached skill level 17 in Fighting
 27244 | Shoals:2 | Noticed Ilsuiw
 27281 | Shoals:2 | Killed Ilsuiw
 27282 | Shoals:2 | Reached XP level 18. HP: 114/170 MP: 23/27
 27313 | Shoals:2 | Received a gift from Okawaru
 27432 | Shoals:2 | Reached skill level 15 in Shields
 27496 | Shoals:2 | Identified the +3 robe of the Clam {Rampage rPois rC- SInv}
                  | (Okawaru gifted it to you on level 2 of the Shoals)
 27496 | Shoals:2 | Received a gift from Okawaru
 28289 | Shoals:4 | Entered Level 4 of the Shoals
 28453 | Shoals:4 | Found the -2 hat of the Alchemist {rElec rPois rF+ rC+ rN+
                  | Will+ rMut rCorr}
 29149 | Shoals:3 | Noticed Jorgrun
 29163 | Shoals:3 | Killed Jorgrun
 30276 | Shoals:4 | Reached skill level 18 in Fighting
 30543 | Shoals:4 | Got Foasog's Disquisition on Blasting and Glamour
 30952 | Shoals:4 | Received a gift from Okawaru
 30982 | Shoals:4 | Got a barnacled rune of Zot
 31558 | Vaults:1 | Entered Level 1 of the Vaults
 31803 | D:1      | Bought a scroll of enchant armour for 90 gold pieces
 31803 | D:1      | Bought 2 scrolls of enchant weapon for 180 gold pieces
 31803 | D:1      | Bought a scroll of teleportation for 36 gold pieces
 31803 | D:1      | Bought a scroll of enchant armour for 90 gold pieces
 32023 | Lair:1   | Killed Imnulubo's ghost
 32343 | Vaults:1 | Reached XP level 19. HP: 157/180 MP: 26/28
 32535 | Vaults:1 | Identified the +7 war axe "Spiderbane" {vorpal, rC+ Will+
                  | Int-3 Dex+3} (Okawaru gifted it to you on level 1 of the
                  | Vaults)
 32535 | Vaults:1 | Received a gift from Okawaru
 32680 | Vaults:1 | Noticed Zenata
 32698 | Vaults:1 | Killed Zenata
 32850 | Vaults:1 | Found Wuinourph's Armour Boutique.
 33000 | Vaults:1 | Reached skill level 19 in Fighting
 33596 | Vaults:2 | Identified the +10 chain mail of Jirappug {Will+ Int+2}
                  | (Okawaru gifted it to you on level 2 of the Vaults)
 33596 | Vaults:2 | Received a gift from Okawaru
 34146 | Vaults:2 | Noticed Jory
 34189 | Vaults:2 | Killed Jory
 34335 | Vaults:2 | Reached XP level 20. HP: 179/191 MP: 9/29
 34493 | Vaults:2 | You fall into a shaft and drop 2 floors!
 35167 | Vaults:3 | Noticed Frederick
 35179 | Vaults:3 | Killed Frederick
 35179 | Vaults:3 | Identified the +0 ring mail "Ledd" {Int+2} (Okawaru gifted
                  | it to you on level 3 of the Vaults)
 35179 | Vaults:3 | Received a gift from Okawaru
 35341 | Vaults:3 | Reached skill level 20 in Fighting
 35353 | Vaults:3 | Reached skill level 10 in Dodging
 35694 | Vaults:3 | Paralysed by something for 3 turns
 35724 | Vaults:3 | Paralysed by something for 3 turns
 36289 | Vaults:3 | Found a staircase to the Crypt.
 36539 | Vaults:3 | Acquired 1129 gold pieces
 38508 | Depths:1 | Entered Level 1 of the Depths
 38529 | Depths:1 | Reached XP level 21. HP: 197/202 MP: 7/30
 38537 | Depths:1 | Received a gift from Okawaru
 38629 | Depths:1 | Found a one-way gateway to a ziggurat.
 38932 | Depths:1 | Found a gateway to Hell.
 39079 | Depths:1 | Found a glowing golden altar of the Shining One.
 39622 | Depths:1 | Found a runed translucent door.
 39627 | Depths:1 | Noticed Reiqiorph's ghost (adept FoFi)
 39865 | Depths:1 | Killed Reiqiorph's ghost
 39981 | Depths:2 | Reached skill level 21 in Fighting
 40093 | Depths:2 | Found a one-way gate leading to the halls of Pandemonium.
 40583 | Depths:2 | Identified the +10 eveningstar "Impslayer" {pain, Str+2}
                  | (Okawaru gifted it to you on level 2 of the Depths)
 40583 | Depths:2 | Received a gift from Okawaru
 40777 | Depths:2 | Noticed the Enchantress
 40786 | Depths:2 | Killed the Enchantress
 40896 | Depths:2 | Found the +3 crown of Dyrovepreva {rElec Int+2 SInv}
 40897 | Depths:2 | Found the +12 glaive of Prune {vorpal}
 40963 | Depths:2 | Found a sacrificial altar of Ru.
 41074 | Depths:2 | Found Muthruicis's Jewellery Emporium.
 41074 | Depths:2 | Found Repsatar's Book Shop.
 41075 | Depths:2 | Found Aneacrom's Jewellery Emporium.
 41085 | Depths:2 | Bought the amulet of Dulystyf {Reflect +Blink Fly rElec
                  | Str+4 SH+5} for 1107 gold pieces
 41355 | Depths:2 | Found a one-way gate to the infinite horrors of the Abyss.
 42382 | Depths:3 | Noticed Xtahua
 42393 | Depths:3 | Killed Xtahua
 42627 | Depths:3 | Found a gateway to a bazaar.
 42627 | Depths:3 | Noticed Grunn
 42627 | Depths:3 | Noticed Vv
 42639 | Depths:3 | Killed Grunn
 42649 | Depths:3 | Received a gift from Okawaru
 42660 | Depths:3 | Noticed a bone dragon
 42668 | Depths:3 | Killed Vv
 42710 | Depths:3 | Killed a bone dragon
 42728 | Depths:3 | HP: 9/187 [Tzitzimitl/bolt of negative energy[a doom hound]
                  | (19)]
 42729 | Depths:3 | HP: 1/188 [reaper/+0 scythe of protection[a doom hound]
                  | (9)]
 42733 | Depths:3 | Slain by a reaper

Illustrated notes

Levels and vault maps discovered:
D:1:      lightli_arrival_statuegarden, layout_rooms,
          shapermc_ecumenical_altar_mp_vishouse, serial_forest,
          infiniplex_forest_clump_large, infiniplex_forest_end_double,
          infiniplex_forest_straight_3, infiniplex_forest_lined_2,
          infiniplex_forest_side_room, infiniplex_forest_clump_long,
          serial_shops, shop, st_stairs_6
D:2:      layout_rooms
D:3:      layout_basic, uniq_terence
D:4:      layout_basic, nicolae_overflow_hidden_temple
D:5:      layout_loops_ring, temple_pool_b, serial_park_tiny_pond,
          kennysheep_flooded_box
D:6:      layout_basic, uniq_duvessa, uniq_crazy_yiuf_cottage
D:7:      layout_cave_pods, mainiacjoe_overflow_small_starburst,
          serial_column_ruins, column_ruins_courtyard_long,
          column_ruins_open_small, column_ruins_open_medium,
          column_ruins_columns_dead_end, column_ruins_grid_4,
          column_ruins_corridor_straight, column_ruins_grid_3,
          column_ruins_corridor_corner, gammafunk_ghost_cemetery,
          kennysheep_decorative_pillar, hangedman_decor_diamond_cutter
D:8:      layout_cave_pools, gammafunk_ghost_cemetery, uniq_pikel, uniq_maurice
D:9:      layout_roguey, xom_confusion_cloud, serial_shops, shop
D:10:     kennysheep_blocky_hall, layout_irregular_city,
          nicolae_wu_jian_immortal_techniques, lair_entry_dummy, orc_david_3,
          serial_bayou_pond_b, minmay_protected_statue, uniq_joseph
D:11:     layout_long_grid, ebering_ghost_inner_flame,
          minmay_fractal_squares_gapless_5
D:12:     layout_roguey [special_room_orc], minmay_misc_feat_diagonals,
          minmay_microvault
D:13:     layout_gridville, david_vaults_3, einodemon_barbed_minivault
D:14:     layout_roguey, kennysheep_cross_room, nicolae_hepliaklqana_hazy_memory
D:15:     gammafunk_enter_depths_forms, layout_basic, nicolae_two_hexagons
Temple:   nicolae_temple_bog_church
Lair:1:   layout_regular_city, gammafunk_ghost_hive, uniq_fannar
Lair:2:   layout_concentric_octagons, uniq_urug, uniq_amaemon, uniq_erica
Lair:3:   layout_cave_pods, minmay_shoals_entry_hut,
          nicolae_spider_entry_tight_spaces, lemuel_fruit_fields,
          lemuel_fruit_fields, lemuel_fruit_tree, uniq_kirke
Lair:4:   layout_long_grid, hangedman_lair_unloving_vines, serial_bayou_shore_b,
          lemuel_fruit_fields, serial_bayou_shore_b
Lair:5:   minmay_lair_end_frog_pond, layout_long_grid,
          minmay_slime_entry_jelly_boxes, serial_bayou_lagoon_a,
          nicolae_lair_lakeside_cave
Shoals:1: layout_shoals
Shoals:2: layout_shoals, uniq_ilsuiw
Shoals:3: layout_shoals, nicolae_shoals_lost_giant_hut,
          nicolae_shoals_water_booths, uniq_jorgrun
Shoals:4: shoals_end_simple, layout_shoals, shoals_ilsuiw_ice,
          nicolae_shoals_aquamancer_cove
Spider:1: nicolae_spider_hilbert_zone_5 [nicolae_spider_hilbert_3_sides_1_open,
          nicolae_spider_hilbert_4_sides_1_open,
          nicolae_spider_hilbert_4_sides_1_open,
          nicolae_spider_hilbert_6_sides_1_open,
          nicolae_spider_hilbert_6_sides_1_open], uniq_nikola
Spider:2: layout_spider_delve, nicolae_spider_rock_and_or_roll
Spider:3: layout_spider_delve, uniq_arachne, uniq_agnes, uniq_azrael
Spider:4: grunt_spider_rune_island
Orc:1:    layout_caves, minmay_orc_barracks
Orc:2:    grunt_orc_tribal_feast, layout_caves, serial_shops, nicolae_shop_trees
Vaults:1: v_misc_26, hangedman_vaults_trim, dpeg_vaults_waves,
          vaults_mumra_minichess, nicolae_vaults_alarming,
          vaults_room_door_hall, vaults_room_fours, vaults_room_stairs_pillars,
          nicolae_vaults_ring_of_whatevers, layout_vaults_chaotic_city,
          serial_shops, shop, uniq_zenata
Vaults:2: hangedman_vaults_slither, nicolae_vaults_circle_grid_a,
          nicolae_vaults_disjoint_gnomons, hangedman_vaults_restitches,
          v_rooms_6, vaults_room_door_ring, vaults_room_boxed,
          vaults_room_fours, vaults_dpeg_ring, nicolae_vaults_big_angled_halls,
          v_misc_13, layout_vaults_maze_snakey, uniq_jory
Vaults:3: portal_desolation_entry_ruin, hangedman_vaults_nodes, v_rooms_6,
          minmay_crypt_entry_simple_walls, v_rooms_6, v_alt_pattern_2,
          hangedman_vaults_snaps, vaults_mumra_hexcomb,
          ontoclasm_vaults_decontamination, ontoclasm_vaults_shuriken,
          vaults_room_door_ring, layout_vaults_omnibox, uniq_frederick
Vaults:4: hangedman_vaults_stagger, vaults_room_door_ring,
          ontoclasm_vaults_bender, grunt_vaults_funnel,
          nicolae_vaults_statue_guard, v_misc_10, hangedman_vaults_cutoff,
          hangedman_vaults_restitches, vaults_room_grid, layout_vaults_omnigrid
Depths:1: layout_basic, enter_ziggurat_b, nicolae_tso_carved_into_rock,
          ebering_ghost_reflecting_pool, grunt_metal_band,
          serial_sigils_hangedman_clutch, minmay_misc_feat_roman,
          minmay_gold_behind_fungi, nooodl_orcs_dogs
Depths:2: grunt_forest_end_winery, layout_gridlike, hell_entry,
          serial_bayou_shore_b, abyss_entry_small_statue_room,
          grunt_pan_entry_spiral, nicolae_ru_awakened_eye, minmay_shop_grove,
          infiniplex_staircase_split_hallway
Depths:3: minmay_chopped_fan, layout_honeycomb, abyss_entry, serial_shops,
          bzr_in_the_mist, lightli_enter_wizlab_magi_temple, hell_entry,
          serial_rivers, chequers_serial_rivers_micro_b,
          chequers_serial_rivers_room_a, chequers_serial_rivers_room_a,
          chequers_serial_rivers_small_b, hangedman_abyss_or_decor_stabs,
          infiniplex_staircase_pillars_1, uniq_xtahua, uniq_grunn, uniq_vv,
          uniq_mennas

Skill      XL: |  1  2  3  4  5  6  7  8  9 10 11 12 13 14 15 16 17 18 19 20 21 |
---------------+----------------------------------------------------------------+-----
Axes           | 3 4 5 6 8 10 11 13 15 17 18 19 20 | 20.0
Throwing       | 1 2 |  2.0
Fighting       | 4 5 6 7 9 10 11 12 13 14 15 17 18 19 20 21 | 21.6
Armour         | 4 5 6 8 9 10 11 12 13 14 15 17 18 19 20 | 20.1
Shields        | 4 5 7 8 10 11 12 13 14 16 17 18 19 | 19.3
Invocations    | 1 3 5 7 8 9 11 12 | 12.0
Evocations     | 1 2 4 5 7 9 10 | 10.0
Dodging        | 4 6 7 9 10 11 | 11.8

Action                   |  1- 3 |  4- 6 |  7- 9 | 10-12 | 13-15 | 16-18 | 19-21 || total
-------------------------+-------+-------+-------+-------+-------+-------+-------++-------
Melee: War axe           |    29 |       |       |       |       |       |     6 ||    35
       Broad axe         |    34 |    68 |   146 |   428 |  1042 |  1394 |  1409 ||  4521
       Unarmed           |       |       |       |       |    15 |    12 |       ||    27
Throw: Stone             |       |     3 |       |       |       |       |       ||     3
       Javelin           |       |       |       |     1 |       |       |       ||     1
       Dart              |       |       |       |       |     1 |       |       ||     1
       Boomerang         |       |       |       |       |       |     9 |       ||     9
Invok: Heroism           |       |       |     1 |    12 |    27 |    37 |    29 ||   106
       Finesse           |       |       |       |     4 |     8 |    14 |    16 ||    42
       Duel              |       |       |       |       |       |     1 |       ||     1
Evoke: Wand              |       |       |       |     1 |     5 |     8 |    12 ||    26
  Use: Scroll            |    10 |     6 |     5 |     5 |    10 |    16 |     9 ||    61
       Potion            |       |     1 |     1 |     2 |     2 |     7 |    12 ||    25
 Stab: Paralysed         |       |       |       |     1 |       |       |       ||     1
       Invisible         |       |       |       |       |       |     1 |       ||     1
Armor: Scale mail        |    28 |     2 |       |       |       |       |       ||    30
       Chain mail        |       |    28 |    82 |       |       |       |       ||   110
       Plate armour      |       |       |    11 |   197 |   240 |       |       ||   448
       Gold dragon scale |       |       |       |       |   203 |   792 |   456 ||  1451
Dodge: Dodged            |    20 |    20 |    49 |    89 |   279 |   429 |   312 ||  1198
Block: Buckler           |    15 |    17 |    42 |    29 |       |       |       ||   103
       Kite shield       |       |       |       |   153 |   574 |  1102 |   521 ||  2350
       Tower shield      |       |       |       |       |       |       |   567 ||   567
       Reflection        |       |       |       |       |       |       |     1 ||     1
